 BcadrenCrawl: Boulder Brew version 0.03.2.1-32-g00f802a9a0 (webtiles) character file.

Game seed: 16137664471604406922, levelgen mode: deterministic

232 esc the Bolt Thrower (level 6, -2/38 HPs) Octopode Noble. Began on Jan 20, 2021. Slain by a sewer rat (3 damage) ... on level 2 of the Dungeon. The game lasted 00:08:29 (940 turns).

esc the Bolt Thrower (Octopode Noble)                Turns: 940, Time: 00:08:30

Health: -2/38      AC:  9    Str: 10    XL:     6 ^: 285
Magic:  7/7        EV:  4    Int: 12    God:
Gold:   130        SH:  2    Dex: 17    Spells: 7/7 levels left

rFire    . . .     Vision   .   a - +1 triple crossbow
rCold    . . .     Gourm    .   j - +0 buckler {AC+3}
rNeg     . . .     Faith    .   c - +0 hat
rPois    .         Spirit   .   (no amulet)
rElec    .         Reflect  .   d - ring of protection
rCorr    .         Harm     .   (no ring)
MR       .....                  (no ring)
Stlth    ++++......             (no ring)
HPRegen  0.22/turn              (no ring)
MPRegen  0.17/turn              (no ring)
                                (no ring)
                                (no ring)

@: hasted, very quick
A: almost no armour, stealthy swim, amphibious, 8 rings, constrict 8, camouflage
1, gelatinous body 1
a: no special abilities


You were on level 2 of the Dungeon.
You were not hungry.

You visited 1 branch of the dungeon, and saw 2 of its levels.
You also visited: Market.

You collected 50 gold pieces.
You spent 920 gold pieces at shops.

Inventory:

Weapons
 a - a +1 triple crossbow (weapon) Shields
 j - a +0 buckler of protection (shield)
Armour
 c - a +0 hat (worn)
Jewellery
 d - a ring of protection (left tentacle)
 g - a cursed ring of resist corrosion {(Curse: *Tele rC-)}
 h - a cursed ring of protection from magic {(Curse: Stlth-)}
Scrolls
 n - a scroll of teleportation
Potions
 i - a potion of brilliance
 l - 2 potions of lignification
Comestibles
 b - 4 rations
 f - 2 chunks of flesh


   Skills:
 - Level 1.1 Fighting
 + Level 6.2 Crossbows
 - Level 1.3 Stealth
 - Level 1.2 Spellcasting


You had 7 spell levels left.
You didn't know any spells.
Your spell library was empty.

Dungeon Overview and Level Annotations

Branches:
Dungeon (2/8)

Altars:


Innate Abilities, Weirdness & Mutations

You cannot wear most types of armour.
You are very stealthy in the water. (Stealth+)
You are amphibious.
You can wear up to three rings at the same time.
You can use your tentacles to constrict three enemies at once.
Your skin changes colour to match your surroundings (Stealth+).
Your rubbery body absorbs attacks. (AC +1, EV +1)


Message History

Press: ? - help, Shift-Dir - straight line, f/p - sewer rat
Aim: a submerged sewer rat (healthy (11/11))
You shoot a triplet of bolts.
The sewer rat makes you miss your attack.
The sewer rat bites you but does no damage.
You block the sewer rat's attack.
The sewer rat bites you but does no damage.
The sewer rat bites you (1).
* * * LOW HITPOINT WARNING * * *
Unknown command.
Unknown command.
Aiming:
a - a +1 triple crossbow, Range: 1 (25%)
Press: ? - help, Shift-Dir - straight line, f/p - sewer rat
Aim: a submerged sewer rat (healthy (11/11))
You shoot a triplet of bolts.
The triplet of bolts hits the sewer rat (2).
The triplet of bolts hits the sewer rat (4). x2
The sewer rat is almost dead. (1/11) HP You block the sewer rat's attack.
The sewer rat bites you (3).
You die...

###############
##@r≈≈≈≈≈...≈J≈
##rr≈†≈≈≈≈.≈≈≈≈
##.≈≈≈≈≈≈≈.≈≈≈≈
##<≈≈††≈†≈†.≈≈†
##.≈≈≈≈≈≈≈†..≈.
##$≈≈†≈≈≈≈≈≈...
##≈≈≈≈≈≈≈PP≈.PP
##...≈†≈PPPPP..
########### #.


You could see 3 submerged sewer rats.

Vanquished Creatures
  A jelly (D:2)
  2 giant cockroaches (D:1)
  An adder (D:2)
  7 sewer rats (D:2)
  6 cinder newts (D:1)
  An ooze (D:1)
  5 dart slugs (D:1)
  4 leopard geckos
  2 goblins (D:1)
  13 hobgoblins (D:1)
  5 kobolds (D:1)
  4 bats (D:1)
  6 rats (D:1)
  2 withered plants (D:2)
59 creatures vanquished.

Vanquished Creatures (others)
  5 withered plants (D:2)
5 creatures vanquished.

Grand Total: 64 creatures vanquished

Notes
Turn   | Place    | Note
-------+----------+-------------------------------------------
     0 | Start Ma | esc the Octopode Noble began the quest for the Orb.
     0 | Start Ma | Reached XP level 1. HP: 13/13 MP: 2/2
     0 | Start Ma | Found Ogro Zas's Expert Tomes.
     2 | Start Ma | Found Guleg's Auxillary Armour.
     6 | Start Ma | Bought a +0 triple crossbow for 400 gold pieces
    19 | Start Ma | Found Miarph's Mashing MeleeMart.
    61 | Start Ma | Bought a +0 hat for 80 gold pieces
    76 | Start Ma | Bought an uncursed ring of protection for 440 gold pieces
    84 | D:1      | esc set off with the following items: a +0 triple crossbow,
                  | a ration, a +0 hat, a ring of protection
   129 | D:1      | Reached skill level 1 in Crossbows
   131 | D:1      | Reached skill level 2 in Crossbows
   131 | D:1      | Reached XP level 2. HP: 11/18 MP: 3/3
   220 | D:1      | Reached XP level 3. HP: 23/23 MP: 4/4
   240 | D:1      | Reached skill level 3 in Crossbows
   448 | D:1      | Reached XP level 4. HP: 25/28 MP: 5/5
   449 | D:1      | Reached skill level 4 in Crossbows
   751 | D:1      | Reached skill level 5 in Crossbows
   751 | D:1      | Reached XP level 5. HP: 33/33 MP: 6/6
   935 | D:2      | Reached skill level 6 in Crossbows
   935 | D:2      | Reached XP level 6. HP: 11/38 MP: 7/7
   939 | D:2      | HP: 1/38 [sewer rat (1)]
   940 | D:2      | Slain by a sewer rat

Levels and vault maps discovered:
D:1:      saegor_arrival_simple_c, layout_loops_ring, first_ration
D:2:      layout_sewer, kennysheep_mini_moat, elyvilon_altar_3, slow_altar_2

Skill      XL: |  1  2  3  4  5 |
---------------+----------------+-----
Crossbows      | 2 3 5 6 |  6.2
Fighting       | |  1.1
Stealth        | |  1.3
Spellcasting   | |  1.2

Action                   |  1- 3 |  4- 6 || total
-------------------------+-------+-------++-------
Melee: Unarmed           |     2 |       ||     2
 Fire: Triple crossbow   |    44 |    35 ||    79
  Use: Scroll            |       |     1 ||     1
       Potion            |       |     3 ||     3
Armor: Skin              |    11 |    35 ||    46
Dodge: Dodged            |     2 |    13 ||    15
Block: Buckler           |       |     4 ||     4
